 Dungeon Sprint DCSS version 0.21.1-1-g345015f (webtiles) character file.

9442 wojtek the Warrior (level 11, -20/115 HPs)
             Began as a Minotaur Berserker on July 20, 2018.
             Was the Champion of Trog.
             Hit by a large rock thrown by a stone giant (23 damage)
             ... in the Dungeon (Sprint IX: "|||||||||||||||||||||||||||||").
             The game lasted 00:03:50 (1486 turns).

wojtek the Warrior (Minotaur Berserker)             Turns: 1486, Time: 00:03:50

Health: -20/115    AC: 22    Str: 26    XL:     11   Next: 23%
Magic:  3/3        EV: 18    Int:  4    God:    Trog [******]
Gold:   664        SH:  0    Dex:  9    Spells: 10/10 levels left

rFire    . . .     SeeInvis .   q - +1 great mace (antimagic)
rCold    . . .     Gourm    .   (shield currently unavailable)
rNeg     . . .     Faith    .   o - +0 plate armour
rPois    .         Spirit   .   (helmet restricted)
rElec    .         Reflect  .   y - +0 cloak
rCorr    .         Harm     .   j - +0 pair of gloves
MR       .....     NoTele   +   z - +0 pair of boots
Stlth    ..........             (no amulet)
HPRegen  0.29/turn              b - +2 ring of evasion
MPRegen  0.08/turn              p - +2 ring of evasion

@: berserk cooldown, slowed, very slow
A: retaliatory headbutt, horns 2
a: Berserk, Trog's Hand, Brothers in Arms, Burn Spellbooks, Renounce Religion


You were in the Dungeon.
You worshipped Trog.
Trog was exalted by your worship.
You were hungry.

You visited 1 branch You collected 664 gold pieces.

Inventory:

Hand Weapons
 a - a +0 mace
 n - a +2 morningstar of protection
 q - a +1 antimagic great mace (weapon)
 v - a +4 antimagic demon blade
Armour
 j - a +0 pair of gloves (worn)
 o - a +0 plate armour (worn)
 y - a +0 cloak (worn)
 z - a +0 pair of boots (worn)
Jewellery
 b - a +2 ring of evasion (left hand)
 p - a +2 ring of evasion (right hand)
Wands
 m - a wand of acid (10)
Scrolls
 i - 2 scrolls of blinking
 l - 3 scrolls of remove curse
 s - 3 scrolls of fog
 t - a scroll of fear
 u - 4 scrolls of enchant weapon
Potions
 d - 7 potions of curing
 e - 7 potions of heal wounds
 f - a potion of haste
 g - 4 potions of magic
 h - a potion of berserk rage
 k - a potion of invisibility
 r - 3 potions of agility
 w - 2 potions of brilliance
 x - a potion of cancellation
Comestibles
 c - 11 rations


   Skills:
 + Level 16.4 Fighting
 - Level 15.3 Maces & Flails
 + Level 16.3 Armour
 + Level 15.1 Dodging


You had 10 spell levels left.
You didn't know any spells.

Dungeon Overview and Level Annotations

Branches:
Dungeon (1/1)

Altars:
Cheibriados
Dithmenos
Elyvilon
Fedhas
Gozag
Hepliaklqana
Kikubaaqudgha
Makhleb
Nemelex Xobeh
Okawaru
Qazlal
Ru
Sif Muna
Trog
Uskayaw
Vehumet
Wu Jian
Xom
Yredelemnul
Zin
The Shining One
Beogh
Jiyva
Lugonu


Innate Abilities, Weirdness & Mutations

You reflexively headbutt those who attack you in melee.
You have a pair of horns on your head.


Message History

Trog accepts your kill. Something appears at your feet!
Trog grants you a weapon!
The orc warrior hits you but does no damage.
Items here: $ )) [[ ††
There is an open door, spattered with blood here.
Items here: )) [[ † a dagger; a robe; a war axe; a plate armour; an orc corpse The orc warrior hits you with a flail.
You see here a glowing great mace {god gift}.
The orc warrior barely misses you. The orc warrior misses you.
You furiously retaliate!
You headbutt the orc warrior.
The stone giant throws a large rock.
The large rock hits you!!
* * * LOW HITPOINT WARNING * * *
The stone giant throws a large rock.
The large rock hits you!
* * * LOW HITPOINT WARNING * * *
You see here a large rock.
The stone giant throws a large rock.
The large rock hits you!!
You die...

▓▓▓▓▓▓▓▓▓▓▓▓▓▓▓▓▓▓▓▓▓▓▓▓▓▓▓▓▓▓▓▓▓
$$$))))).ooC...(@)[[)....(.......
▓▓▓▓▓▓▓▓▓▓▓▓▓▓▓▓▓▓▓▓▓▓▓▓▓▓▓▓▓▓▓▓▓
.................................
▓▓▓▓▓▓▓▓▓▓▓▓▓▓▓▓▓▓▓▓▓▓▓▓▓▓▓▓▓▓▓▓▓
..').......%÷......)[.....'......
▓▓▓▓▓▓▓▓▓▓▓▓▓▓▓▓▓▓▓▓▓▓▓▓▓▓▓▓▓▓▓▓▓
.................................
▓▓▓▓▓▓▓▓▓▓▓▓▓▓▓▓▓▓▓▓▓▓▓▓▓▓▓▓▓▓▓▓▓
_________________'....÷'....))...


You could see a stone giant and 2 orc warriors.

Vanquished Creatures
  2 dire elephants (D)
  An ugly thing (D)
  2 orc knights (D)
  6 elephants (D)
  3 spiny frogs (D)
  A rime drake (D)
  2 komodo dragons (D)
  A troll (D)
  A hippogriff (D)
  A wyvern (D)
  Eustachio (D)
  3 porcupines (D)
  3 water moccasins (D)
  5 orc warriors (D)
  A black bear (D)
  A centaur (D)
  2 crocodiles (D)
  4 bullfrogs (D)
  2 howler monkeys (D)
  A crimson imp (D)
  A jelly (D)
  6 orc priests (D)
  2 hounds (D)
  4 orc wizards (D)
  A worker ant (D)
  6 orcs (D)
  A ball python (D)
  A bat zombie (D)
  A goblin (D)
  A hobgoblin (D)
  A jackal (D)
  A kobold (D)
  A frilled lizard (D)
70 creatures vanquished.

Notes
Turn   | Place    | Note
-------+----------+-------------------------------------------
     0 | D        | wojtek the Minotaur Berserker began the quest for the Orb.
     0 | D        | Reached XP level 1. HP: 19/19 MP: 0/0
    10 | D        | Reached ** piety under Trog
    10 | D        | Reached skill level 5 in Maces & Flails
    70 | D        | Noticed a hound
    70 | D        | Noticed a hound
    70 | D        | Noticed a worker ant
    70 | D        | Noticed a howler monkey
    75 | D        | Killed a howler monkey
    75 | D        | Reached XP level 2. HP: 17/26 MP: 1/1
    75 | D        | Reached XP level 3. HP: 20/31 MP: 2/2
    77 | D        | Reached *** piety under Trog
    81 | D        | Reached XP level 4. HP: 38/40 MP: 3/3
    84 | D        | Reached skill level 5 in Fighting
   173 | D        | Found a roughly hewn altar of Beogh.
   173 | D        | Found a snail-covered altar of Cheibriados.
   173 | D        | Found a shadowy altar of Dithmenos.
   173 | D        | Found a white marble altar of Elyvilon.
   173 | D        | Found a blossoming altar of Fedhas.
   173 | D        | Found an opulent altar of Gozag.
   174 | D        | Found a hazy altar of Hepliaklqana.
   175 | D        | Found a viscous altar of Jiyva.
   176 | D        | Found an ancient bone altar of Kikubaaqudgha.
   177 | D        | Found a corrupted altar of Lugonu.
   178 | D        | Found a burning altar of Makhleb.
   179 | D        | Found a sparkling altar of Nemelex Xobeh.
   180 | D        | Found an iron altar of Okawaru.
   181 | D        | Found a stormy altar of Qazlal.
   182 | D        | Found a sacrificial altar of Ru.
   183 | D        | Found a deep blue altar of Sif Muna.
   184 | D        | Found a bloodstained altar of Trog.
   185 | D        | Found a hide-covered altar of Uskayaw.
   186 | D        | Found a radiant altar of Vehumet.
   187 | D        | Found an ornate altar of the Wu Jian Council.
   188 | D        | Found a shimmering altar of Xom.
   189 | D        | Found a basalt altar of Yredelemnul.
   190 | D        | Found a glowing silver altar of Zin.
   191 | D        | Found a glowing golden altar of the Shining One.
   233 | D        | Noticed a bullfrog
   233 | D        | Noticed a black bear
   233 | D        | Noticed a centaur
   233 | D        | Noticed a hippogriff
   236 | D        | Reached **** piety under Trog
   236 | D        | Reached skill level 10 in Maces & Flails
   236 | D        | Reached skill level 5 in Armour
   236 | D        | Reached XP level 5. HP: 50/50 MP: 4/4
   243 | D        | Killed a hippogriff
   243 | D        | Reached XP level 6. HP: 61/61 MP: 5/5
   251 | D        | Reached ***** piety under Trog
   251 | D        | Reached XP level 7. HP: 70/70 MP: 6/6
   289 | D        | Noticed a troll
   289 | D        | Noticed a white ugly thing
   296 | D        | Killed a white ugly thing
   296 | D        | Received a gift from Trog
   296 | D        | Reached skill level 10 in Fighting
   301 | D        | Killed a troll
   301 | D        | Reached skill level 10 in Armour
   301 | D        | Reached XP level 8. HP: 81/81 MP: 7/7
   449 | D        | Noticed a komodo dragon
   449 | D        | Noticed a rime drake
   449 | D        | Noticed a spiny frog
   457 | D        | Reached skill level 10 in Dodging
   458 | D        | Noticed a komodo dragon
   460 | D        | Killed a spiny frog
   463 | D        | Killed a rime drake
   463 | D        | Received a gift from Trog
   463 | D        | Reached XP level 9. HP: 90/90 MP: 2/8
   467 | D        | Killed a komodo dragon
   479 | D        | Killed a komodo dragon
   676 | D        | Noticed a spiny frog
   679 | D        | Noticed a spiny frog
   688 | D        | Killed a spiny frog
   703 | D        | Reached ****** piety under Trog
   703 | D        | Reached skill level 15 in Maces & Flails
   712 | D        | Killed a spiny frog
   713 | D        | Received a gift from Trog
   713 | D        | Reached XP level 10. HP: 101/101 MP: 3/9
   778 | D        | Noticed an elephant
   778 | D        | Noticed an elephant
   778 | D        | Noticed an elephant
   778 | D        | Noticed a dire elephant
   778 | D        | Noticed an elephant
   778 | D        | Noticed an elephant
   784 | D        | Killed an elephant
   788 | D        | Noticed an elephant
   789 | D        | Killed a dire elephant
   790 | D        | Noticed a dire elephant
   793 | D        | Killed an elephant
   799 | D        | Killed an elephant
   803 | D        | Killed an elephant
   803 | D        | Reached skill level 15 in Fighting
   808 | D        | Killed an elephant
   808 | D        | Reached skill level 15 in Armour
   820 | D        | Killed a dire elephant
   820 | D        | Received a gift from Trog
   829 | D        | Killed an elephant
   829 | D        | Reached XP level 11. HP: 63/114 MP: 3/10
  1069 | D        | Noticed Eustachio
  1087 | D        | Killed Eustachio
  1156 | D        | Noticed an orc knight
  1172 | D        | Killed an orc knight
  1188 | D        | Received a gift from Trog
  1445 | D        | Noticed an orc knight
  1449 | D        | Received a gift from Trog
  1462 | D        | Killed an orc knight
  1462 | D        | Reached skill level 15 in Dodging
  1471 | D        | Noticed a stone giant
  1474 | D        | Received a gift from Trog
  1485 | D        | HP: 3/115 [stone giant/large rock (10)]
  1486 | D        | Hit by a large rock thrown by a stone giant

Skill      XL: |  1  2  3  4  5  6  7  8  9 10 11 |
---------------+----------------------------------+-----
Maces & Flails | 9 10 11 13 15 | 15.3
Fighting       | 4 6 7 9 10 11 13 15 16 | 16.4
Armour         | 3 5 7 8 10 11 13 15 16 | 16.3
Dodging        | 3 4 6 7 9 10 12 14 15 | 15.1

Action                   |  1- 3 |  4- 6 |  7- 9 | 10-12 || total
-------------------------+-------+-------+-------+-------++-------
Melee: Mace              |    20 |     2 |       |       ||    22
       Headbutt          |     4 |     5 |    16 |    36 ||    61
       Morningstar       |       |    15 |    11 |       ||    26
       Great mace        |       |       |    70 |   124 ||   194
Invok: Berserk           |     1 |     1 |     3 |     2 ||     7
  Eat: Chunk             |       |       |     3 |     5 ||     8
Armor: Animal skin       |     2 |       |       |       ||     2
       Plate armour      |       |    11 |    34 |    50 ||    95
Dodge: Dodged            |    14 |    11 |    48 |    82 ||   155
